 Dungeon Crawl Stone Soup version 0.22.0-75-g3901e79 (console) character file.

2830 erker the Cleaver (level 9, -8/79 HPs)
             Began as a Minotaur Fighter on Sept 12, 2018.
             Mangled by an orc knight
             ... wielding a +0 war axe
              (31 damage)
             ... in a bailey on Sept 13, 2018.
             The game lasted 00:36:04 (5899 turns).

erker the Cleaver (Minotaur Fighter)                Turns: 5899, Time: 00:36:05

Health: -8/79      AC: 12    Str: 27    XL:     9   Next: 45%
Magic:  8/8        EV: 10    Int:  5    God:
Gold:   360        SH: 12    Dex: 17    Spells: 8/8 levels left

rFire    + + .     SeeInvis .   a - +0 war axe
rCold    x . .     Gourm    .   c - +0 shield
rNeg     . . .     Faith    .   b - +0 scale mail
rPois    .         Spirit   .   (helmet restricted)
rElec    .         Reflect  .   y - +0 cloak (curse)
rCorr    +         Harm     .   (no gloves)
MR       .....                  H - +2 pair of boots "Ajod" {rCorr Dex+5 Stlth-}
Stlth    ..........             (no amulet)
HPRegen  0.23/turn              s - ring of protection from fire
MPRegen  0.11/turn              e - ring of fire

@: mighty, berserk cooldown
A: retaliatory headbutt, horns 2
a: no special abilities


You were in a bailey.
You were not hungry.

You visited 2 branches of the dungeon, and saw 8 of its levels.
You also visited: Ossuary and Bailey.

You collected 360 gold pieces.

Inventory:

Hand Weapons
 a - a +0 war axe (weapon)
 L - a +0 trident
Missiles
 q - 25 tomahawks of returning (quivered)
 w - 27 poisoned needles
Armour
 b - a +0 scale mail (worn)
 c - a +0 shield (worn)
 y - a cursed +0 cloak (worn)
 H - the +2 pair of boots "Ajod" (worn) {rCorr Dex+5 Stlth-}
   (You found it on level 7 of the Dungeon)

   It affects your dexterity (+5).
   It provides partial protection from all sources of acid and corrosion.
   It makes you less stealthy.
Jewellery
 e - a ring of fire (right hand)
 s - a ring of protection from fire (left hand)
 z - an uncursed ring of protection from fire
 M - an uncursed amulet of faith
Scrolls
 h - 6 scrolls of teleportation {unknown}
 j - 3 scrolls of immolation {unknown}
 l - 2 scrolls of fear {unknown}
 p - 3 scrolls of fog {unknown}
 r - 6 scrolls of identify
 u - a scroll of magic mapping {unknown}
 v - 3 scrolls of remove curse {unknown}
 x - a scroll of amnesia {unknown}
 A - a scroll of brand weapon {unknown}
 C - a scroll of noise {unknown}
 D - 2 scrolls of enchant weapon {unknown}
 E - a scroll of silence {unknown}
 I - a scroll of summoning {unknown}
 K - a scroll of vulnerability {unknown}
Potions
 d - 2 potions of might
 g - a potion of resistance
 k - 3 potions of haste
 m - 2 potions of lignification
 n - 3 potions of heal wounds
 o - a potion of mutation
 t - 7 potions of curing
 B - a potion of cancellation
 F - 2 potions of flight
 G - a potion of magic
Comestibles
 f - 14 rations
 J - 6 chunks of flesh


   Skills:
 + Level 7.0 Fighting
 + Level 10.0 Axes
 + Level 4.0 Throwing
 + Level 7.1 Armour
 + Level 3.1 Dodging
 + Level 7.1 Shields


You had 8 spell levels left.
You didn't know any spells.
Your spell library was empty.

Dungeon Overview and Level Annotations

Branches:
Dungeon (7/15)             Temple (1/1) D:4

Altars:
Cheibriados
Dithmenos
Elyvilon
Fedhas
Gozag
Hepliaklqana
Kikubaaqudgha
Nemelex Xobeh
Okawaru
Qazlal
Sif Muna
Trog
Uskayaw
Wu Jian
Xom
Yredelemnul
Zin
The Shining One

Annotations:
D:7 3 exclusions


Innate Abilities, Weirdness & Mutations

You reflexively headbutt those who attack you in melee.
You have a pair of horns on your head.


Message History

Unknown command.
Unknown command.
Unknown command.
Unknown command.
Your magic is already full.
You feel very mighty all of a sudden. You block the orc knight's attack.
You slash the orc knight! You headbutt the orc knight!
The orc knight is heavily wounded.
The orc knight hits you with a war axe!!
The orc knight hits you with a war axe!
You barely miss the orc knight.
The orc knight is heavily wounded.
The orc knight hits you with a war axe!
* * * LOW HITPOINT WARNING * * *
You barely miss the orc knight. You headbutt the orc knight!!
The orc knight is severely wounded.
You feel yourself speed up.
The orc knight hits you with a war axe!!
You die...

♣♣∩♣♣♣ ##### .....♣♣
##...## .....(.
##.....## .K...K#
##...8...##≈≈≈≈≈#
##..o......#≈≈≈≈≈# ♣
#..@.....[)#≈≈≈≈≈#.
♣≈≈#..8..8...('[.o..'.
♣≈≈#........#########.
♣≈≈##......##≈≈≈#≈
♣...##.....#≈:....
♣....##....#≈?....
♣♣.....#[...##8.8..
♣.....†'[....#.....
♣∩.∩...'.....#....∩


You could see an orc knight.

Vanquished Creatures
  An orc knight (Bailey)
  A hippogriff (D:7)
  Sigmund (D:4)
  Edmund (D:4)
  Duvessa (D:7)
  An ice beast (D:5)
  3 ogres
  3 centaurs
  A bullfrog (D:4)
  Dowan (D:7)
  7 scorpions
  A bullfrog zombie (D:7)
  A centaur zombie (Ossuary)
  A jelly (D:5)
  2 orc priests
  2 hounds
  A human zombie (Ossuary)
  An orc wizard (D:7)
  An iguana (D:5)
  A big kobold zombie (Ossuary)
  A hound skeleton (D:5)
  A hound zombie (D:3)
  3 mummies
  3 worker ant zombies
  6 gnolls
  4 scorpion zombies (Ossuary)
  10 adders
  A shadow imp (D:6)
  An adder skeleton (D:5)
  2 worms (D:2)
  A dart slug (D:1)
  12 leopard geckos
  27 orcs
  3 giant cockroaches
  9 goblins
  9 hobgoblins
  9 jackals
  4 quokkas
  A ball python (D:3)
  7 bats
  12 frilled lizards
  4 goblin zombies (Ossuary)
  3 hobgoblin zombies (Ossuary)
  22 kobolds
  3 kobold zombies (Ossuary)
  A leopard gecko skeleton (D:3)
  2 leopard gecko zombies
  2 orc zombies (Ossuary)
  4 quokka skeletons
  A quokka zombie (D:6)
  5 rats
205 creatures vanquished.

Vanquished Creatures (others)
  A scorpion (Ossuary)
  A mummy (Ossuary)
  A gnoll zombie (Ossuary)
3 creatures vanquished.

Grand Total: 208 creatures vanquished

Notes
Turn   | Place    | Note
-------+----------+-------------------------------------------
     0 | D:1      | erker the Minotaur Fighter began the quest for the Orb.
     0 | D:1      | Reached XP level 1. HP: 19/19 MP: 0/0
     3 | D:1      | Noticed an electric eel
     3 | D:1      | Noticed an electric eel
    55 | D:1      | Reached XP level 2. HP: 15/27 MP: 1/1
   415 | D:1      | Reached XP level 3. HP: 30/33 MP: 2/2
   741 | D:2      | Reached skill level 3 in Axes
  1195 | D:2      | Reached XP level 4. HP: 40/40 MP: 3/3
  1650 | D:3      | Reached skill level 4 in Axes
  1662 | D:3      | Reached skill level 1 in Dodging
  1662 | D:3      | Reached XP level 5. HP: 44/46 MP: 4/4
  1847 | D:3      | Found a deep blue altar of Sif Muna.
  1872 | D:3      | Found a glowing silver altar of Zin.
  2089 | D:4      | Reached skill level 5 in Shields
  2111 | D:4      | Found a sand-covered staircase.
  2165 | Ossuary  | Entered an ossuary
  2186 | Ossuary  | Reached skill level 5 in Axes
  2186 | Ossuary  | Reached XP level 6. HP: 35/53 MP: 5/5
  2261 | Ossuary  | Reached skill level 5 in Armour
  2307 | Ossuary  | Reached skill level 6 in Axes
  2308 | Ossuary  | Reached skill level 5 in Fighting
  2308 | Ossuary  | Reached XP level 7. HP: 25/61 MP: 6/6
  2804 | D:4      | Reached skill level 7 in Axes
  2814 | D:4      | Found a staircase to the Ecumenical Temple.
  2838 | Temple   | Entered the Ecumenical Temple
  3427 | D:4      | Noticed Sigmund
  3427 | D:4      | Noticed Edmund
  3462 | D:4      | Killed Edmund
  3473 | D:4      | Killed Sigmund
  3473 | D:4      | Reached skill level 8 in Axes
  3473 | D:4      | Reached XP level 8. HP: 24/70 MP: 7/7
  3730 | D:5      | Entered Level 5 of the Dungeon
  4594 | D:6      | Reached skill level 9 in Axes
  5297 | D:7      | Got a pair of smoking boots
  5303 | D:7      | Identified the +2 pair of boots "Ajod" {rCorr Dex+5 Stlth-}
                  | (You found it on level 7 of the Dungeon)
  5308 | D:7      | Noticed a hippogriff
  5314 | D:7      | Killed a hippogriff
  5321 | D:7      | Noticed Duvessa
  5322 | D:7      | Noticed Dowan
  5332 | D:7      | Killed Duvessa
  5332 | D:7      | Reached XP level 9. HP: 76/78 MP: 8/8
  5342 | D:7      | Killed Dowan
  5472 | D:7      | Reached skill level 10 in Axes
  5475 | D:7      | Found an ancient bone altar of Kikubaaqudgha.
  5586 | D:7      | Found a flagged portal.
  5639 | Bailey   | Entered a bailey
  5661 | Bailey   | Noticed an orc warlord
  5858 | Bailey   | Noticed an orc knight
  5873 | Bailey   | Killed an orc knight
  5885 | Bailey   | Noticed an orc knight
  5899 | Bailey   | Mangled by an orc knight

Skill      XL: |  1  2  3  4  5  6  7  8  9 |
---------------+----------------------------+-----
Shields        | 4 5 6 7 |  7.1
Armour         | 4 5 6 7 |  7.1
Axes           | 3 4 5 6 8 9 10 | 10.0
Fighting       | 4 5 6 7 |  7.0
Dodging        | 1 2 3 |  3.1
Throwing       | 4 |  4.0

Action                   |  1- 3 |  4- 6 |  7- 9 || total
-------------------------+-------+-------+-------++-------
Melee: War axe           |   116 |   147 |   253 ||   516
       Headbutt          |    16 |    33 |    55 ||   104
Throw: Tomahawk          |       |       |     4 ||     4
  Use: Potion            |       |       |     4 ||     4
       Scroll            |       |       |    10 ||    10
  Eat: Chunk             |     1 |     3 |     9 ||    13
       Ration            |       |       |     1 ||     1
Armor: Scale mail        |    68 |    56 |    75 ||   199
Dodge: Dodged            |    41 |    52 |    77 ||   170
Block: Shield            |    69 |    98 |   166 ||   333
